Map: Washout LE

Players

Krystianer

  • Race: Protoss Protoss
  • League: Grandmaster
  • Spawn Location: 7:00

Reynor - Winner!

  • Race: Zerg Zerg
  • League: Master
  • Spawn Location: 1:00

Event: HomeStory Cup XXIX

VOD

Have the link to the VOD?

Description

Time

  • Played on: July 3, 2026, 7:52 a.m.
  • Length: 14:21

All games in this series

Show
View Real Time Build Order
Export as new Build Order

Krystianer Protoss 

Build Orders:  

Get SALT Encoding   

  8  0:00  Probe (Chrono Boost)  
  9  0:12  Probe (Chrono Boost)  
  10  0:18  Probe (Chrono Boost)  
  11  0:26  Probe  
  12  0:32  Pylon  
  12  0:38  Probe  
  13  0:50  Probe  
  14  0:57  Gateway  
  14  1:03  Probe (Chrono Boost)  
  15  1:13  Probe (Chrono Boost), Assimilator  
  15  1:17  Probe (Chrono Boost)  
  17  1:29  Probe  
  18  1:41  Probe  
  19  1:52  Nexus  
  19  1:53  Probe  
  20  2:04  Cybernetics Core  
  20  2:11  Pylon  
  20  2:13  Probe  
  21  2:17  Assimilator  
  21  2:29  Probe  
  22  2:36  Adept (Chrono Boost)  
  22  2:41  Probe  
  25  2:45  Warp Gate  
  25  2:53  Probe  
  25  2:56  Twilight Council  
  26  2:59  Adept (Chrono Boost)  
  26  3:04  Probe  
  26  3:05  Probe  
  30  3:16  Probe  
  30  3:17  Probe  
  32  3:24  Adept  
  34  3:28  Probe (Chrono Boost)  
  34  3:32  Probe (Chrono Boost)  
  36  3:34  Shield Battery  
  36  3:40  Probe (Chrono Boost)  
  37  3:46  Probe (Chrono Boost)  
  37  3:47  Probe (Chrono Boost)  
  39  3:53  Probe  
  39  3:55  Probe  
  41  4:00  Gateway  
  41  4:03  Gateway x2  
  41  4:07  Gateway  
  41  4:08  Resonating Glaives (Chrono Boost)  
  42  4:10  Gateway  
  42  4:16  Pylon  
  41  4:18  Probe  
  42  4:25  Pylon  
  42  4:29  Gateway  
  42  4:34  Probe x2  
  44  4:45  Dark Shrine  
  44  4:46  Probe  
  44  4:59  Adept  
  46  5:00  Adept x3  
  46  5:01  Probe x2  
  46  5:04  Pylon  
  54  5:12  Pylon  
  53  5:17  Robotics Facility  
  52  5:28  Probe  
  52  5:29  Probe  
  52  5:30  Assimilator  
  52  5:33  Adept x4  
  62  5:38  Adept  
  62  5:40  Adept  
  66  5:45  Pylon  
  66  5:50  Gateway  
  66  5:55  Adept  
  66  6:03  Adept x3  
  72  6:06  Adept  
  72  6:10  Warp Prism (Chrono Boost)  
  74  6:14  Pylon  
  74  6:20  Probe x2  
  74  6:24  Adept x2  
  72  6:31  Adept x2  
  72  6:32  Probe  
  71  6:36  Adept  
  71  6:49  Adept  
  73  6:56  Adept x4  
  81  7:02  Pylon  
  81  7:04  Pylon  
  81  7:21  Adept x6  
  81  7:22  Adept  
  91  7:26  Pylon  
  91  7:38  Pylon  
  91  7:44  Adept x3  
  91  7:45  Adept x2  
  91  7:50  Adept  
  88  8:02  Probe (Chrono Boost)  
  88  8:03  Probe (Chrono Boost)  
  84  8:06  Dark Templar x3  
  86  8:14  Probe (Chrono Boost)  
  86  8:15  Probe (Chrono Boost)  
  82  8:20  Probe x2 (Chrono Boost)  
  82  8:26  Sentry  
  84  8:28  Probe  
  84  8:29  Probe  
  84  8:41  Probe x2  
  84  8:53  Probe x2  
  80  8:57  Immortal (Chrono Boost), Nexus  
  82  9:05  Probe x2  
  80  9:13  Stalker x4  
  86  9:19  Stalker  
  86  9:21  Shield Battery  
  84  9:24  Assimilator  
  84  9:26  Archon  
  84  9:27  Probe x2  
  83  9:35  Immortal (Chrono Boost)  
  78  9:48  Stalker x2, Zealot x5  
  91  10:04  Immortal (Chrono Boost)  
  95  10:10  Pylon  
  95  10:13  Nexus  
  95  10:14  Blink (Chrono Boost)  
  95  10:36  Immortal  
  95  10:39  Adept x7  
  111  10:46  Pylon  
  105  11:01  Sentry x2  
  105  11:02  Zealot x4  
  99  11:13  Cybernetics Core  
  99  11:16  Immortal (Chrono Boost)  
  95  11:45  Immortal (Chrono Boost)  
  99  11:49  Nexus, Adept x2, Pylon  
  103  11:56  Sentry  
  103  11:57  Sentry x2  
  109  12:07  Pylon  
  109  12:17  Immortal (Chrono Boost)  
  106  12:26  Stalker x5  
  116  12:30  Probe  
  116  12:33  Pylon  
  117  12:49  Pylon  
  117  13:10  Stalker x6  
  123  13:32  Stalker x3  
  123  13:33  Stalker x2  
  93  13:55  Stalker x2  
Show
View Real Time Build Order
Export as new Build Order

Reynor Zerg - Winner!

Build Orders: Hatch First 

Get SALT Encoding   

  8  0:00  Drone  
  9  0:10  Drone  
  10  0:17  Drone  
  11  0:27  Overlord  
  11  0:32  Drone  
  12  0:45  Drone x2  
  14  0:50  Drone  
  15  1:01  Drone  
  16  1:14  Hatchery  
  15  1:18  Drone  
  15  1:21  Drone  
  17  1:30  Drone  
  18  1:35  Extractor  
  17  1:43  Spawning Pool, Drone  
  17  1:50  Drone  
  18  2:00  Drone  
  19  2:09  Overlord  
  19  2:19  Drone  
  20  2:28  Drone  
  21  2:30  Queen x2, Zergling x2  
  21  2:36  Drone  
  27  2:41  Zergling x2  
  27  2:42  Metabolic Boost  
  28  2:47  Overlord  
  28  2:52  Drone  
  28  2:57  Drone  
  30  3:03  Zergling x2  
  31  3:06  Drone  
  32  3:14  Hatchery  
  32  3:16  Zergling x2  
  32  3:20  Zergling x2  
  32  3:22  Overlord  
  33  3:29  Zergling x2  
  33  3:30  Zergling x2  
  35  3:36  Queen  
  35  3:39  Drone x2  
  35  3:40  Drone  
  40  3:43  Drone  
  40  3:47  Drone  
  42  3:49  Drone x2  
  42  3:54  Drone  
  43  3:56  Drone  
  43  3:58  Spore Crawler  
  43  4:00  Drone  
  43  4:02  Drone  
  45  4:09  Overlord, Drone  
  46  4:13  Drone x2  
  48  4:25  Queen  
  48  4:26  Drone x2  
  48  4:27  Roach Warren  
  51  4:32  Overlord  
  51  4:34  Zergling x4  
  51  4:35  Zergling x2  
  51  4:38  Zergling x2  
  55  4:39  Zergling x2  
  55  4:43  Zergling x6  
  59  4:48  Overlord  
  59  4:49  Zergling x2  
  59  4:51  Overlord  
  60  4:56  Zergling x6  
  60  4:57  Zergling x2  
  64  5:01  Overlord  
  63  5:08  Spore Crawler  
  63  5:09  Spore Crawler  
  61  5:14  Lair  
  61  5:19  Drone x2  
  63  5:25  Drone x2  
  63  5:26  Drone x3  
  63  5:28  Extractor  
  67  5:30  Drone x2  
  67  5:34  Roach x3  
  75  5:40  Roach, Zergling x4  
  75  5:41  Zergling x2  
  80  5:47  Zergling x6  
  83  5:55  Roach, Zergling x2  
  85  5:58  Zergling x6  
  85  5:59  Zergling x2  
  85  6:01  Overlord  
  85  6:02  Roach  
  90  6:08  Overlord  
  90  6:10  Roach  
  92  6:12  Overlord  
  90  6:20  Drone x4  
  84  6:30  Drone x3  
  84  6:31  Evolution Chamber, Drone x4  
  84  6:32  Drone  
  87  6:34  Drone  
  87  6:38  Drone  
  90  6:41  Drone, Glial Reconstitution  
  90  6:45  Drone x2  
  93  6:47  Extractor  
  93  6:50  Overlord  
  93  6:51  Drone  
  93  6:56  Extractor, Overlord  
  93  7:01  Roach x3  
  98  7:02  Roach, Zergling x2  
  98  7:06  Zergling x2  
  101  7:11  Roach, Zergling x4, Queen  
  101  7:12  Overlord  
  106  7:16  Roach, Zergling x2  
  106  7:24  Roach x2, Zergling x2  
  106  7:27  Roach  
  106  7:28  Zergling x8  
  117  7:36  Overlord  
  114  7:40  Roach x2, Zergling x8  
  107  7:44  Roach  
  96  7:55  Drone x4  
  96  7:57  Drone x2  
  91  8:01  Drone x2  
  89  8:09  Roach x3  
  90  8:15  Overseer  
  90  8:19  Drone x2  
  90  8:24  Drone  
  90  8:27  Drone  
  91  8:35  Drone x3  
  91  8:36  Drone x2  
  96  8:42  Drone x2  
  96  8:46  Roach  
  100  8:51  Roach x2  
  104  8:57  Roach x2  
  104  9:00  Roach  
  110  9:06  Queen  
  110  9:07  Roach x2  
  110  9:08  Roach  
  110  9:09  Zergling x6  
  121  9:18  Roach x2, Zergling x2  
  121  9:20  Overseer  
  121  9:23  Roach, Zergling x2  
  121  9:24  Zergling x2  
  130  9:29  Evolution Chamber  
  128  9:34  Drone x3  
  128  9:37  Drone  
  129  9:39  Drone x3  
  129  9:40  Drone x2  
  133  9:48  Drone  
  133  9:51  Overlord  
  135  9:55  Roach x3, Zergling x8  
  135  9:58  Ravager x3  
  148  10:02  Spore Crawler, Overlord  
  147  10:07  Zergling x2  
  147  10:08  Overlord  
  147  10:12  Roach  
  150  10:15  Roach x3  
  150  10:16  Overlord  
  150  10:20  Overlord  
  155  10:29  Ravager x2  
  155  10:31  Drone  
  155  10:34  Drone x2  
  155  10:35  Drone x3, Roach x2  
  161  10:36  Roach  
  161  10:40  Drone  
  164  10:45  Overlord  
  156  10:58  Drone x10  
  156  11:08  Drone  
  156  11:09  Drone x2  
  155  11:11  Drone x3  
  154  11:19  Drone  
  154  11:20  Drone x2  
  154  11:22  Ravager x2  
  154  11:24  Zergling x6  
  161  11:26  Zergling x4  
  161  11:30  Zergling x2  
  161  11:31  Extractor  
  163  11:33  Queen  
  163  11:35  Zergling x4  
  167  11:41  Roach x3  
  167  11:43  Ravager x2  
  167  11:44  Drone x2  
  167  11:47  Roach x2, Zergling x2, Evolution Chamber  
  182  11:52  Roach  
  182  11:54  Overlord  
  183  11:58  Roach  
  185  12:02  Drone  
  185  12:08  Ravager x2  
  187  12:09  Drone x3  
  187  12:11  Overlord  
  187  12:12  Extractor  
  187  12:13  Zerg Missile Weapons Level 1  
  187  12:14  Hatchery  
  187  12:15  Roach, Zergling x8  
  195  12:18  Overlord  
  195  12:27  Ravager x2  
  195  12:33  Drone  
  195  12:34  Baneling Nest  
  195  12:39  Roach x2  
  193  13:07  Ravager x5  
  193  13:10  Ravager  
  193  13:11  Drone x3  
  194  13:30  Ravager x4  
  161  13:48  Roach, Zergling x2  
  161  13:49  Zergling x46  
  161  13:54  Roach  
  162  13:59  Roach  
  156  14:03  Zergling x4  
Tags
 
Add a new tag
Caveats
  • Supply blocks, unpowered buildings, or Contaminate may cause inaccurate times.
  • Supply counts are checked every 10 seconds.